 Dungeon Crawl Stone Soup version 0.19.5 (webtiles) character file.

167 StormFighter the Insei (level 5, -4/40 HPs)
             Began as a Draconian Transmuter on Sept 10, 2017.
             Slain by an orc wizard
             ... wielding a +1 dagger of venom
              (5 damage)
             ... on level 2 of the Dungeon.
             The game lasted 00:07:14 (2946 turns).

StormFighter the Insei (Draconian Transmuter)       Turns: 2946, Time: 00:07:15

Health: -4/40      AC:  2    Str: 12    XL:     5   Next: 23%
Magic:  5/8        EV: 19    Int: 14    God:
Gold:   86         SH:  0    Dex: 17    Spells: 2 memorised, 4 levels left

rFire  . . .     SeeInvis .       - Unarmed
rCold  + . .     Gourm    .     (armour unavailable)
rNeg   . . .     Faith    .     (shield currently unavailable)
rPois  x         Spirit   .     (helmet currently unavailable)
rElec  .         Reflect  .     (cloak currently unavailable)
rCorr  .         Harm     .     (gloves currently unavailable)
MR     .....                    (boots currently unavailable)
Stlth  ++........               (no amulet)
                                (no ring)
                                j - ring of protection from cold

@: lethally poisoned (-4 -> -104), spider-form (expiring)
A: unfitting armour, (cold-blooded), AC +5
a: End Transformation


You were on level 2 of the Dungeon.
You were hungry.
You were a venomous arachnid creature.
You visited 1 branch of the dungeon, and saw 3 of its levels.

You collected 86 gold pieces.

Inventory:

Missiles
 a - 28 arrows
 h - 6 tomahawks
 i - 5 javelins (quivered)
Jewellery
 j - a ring of protection from cold (left front leg)
Scrolls
 d - a scroll of magic mapping {unknown}
 e - a scroll of enchant weapon {unknown}
 f - a scroll of remove curse {unknown}
 g - 3 scrolls of teleportation {unknown}
 l - a scroll of enchant armour {unknown}
 n - a scroll of noise {unknown}
 o - a scroll of identify {unknown}
Potions
 k - 2 potions of heal wounds
Books
 b - a book of Changes

   Spells                             Type                      Level
   a - Beastly Appendage              Transmutation                1
   b - Sticks to Snakes               Transmutation                2
   c - Spider Form                    Transmutation/Poison         3
   d - Ice Form                       Ice/Transmutation            4
   e - Blade Hands                    Transmutation                5
Comestibles
 c - a bread ration
 p - a beef jerky


   Skills:
 - Level 1.1 Fighting
 - Level 1.7 Dodging
 * Level 5.8 Unarmed Combat
 - Level 2.0 Spellcasting
 + Level 2.2 Transmutations
 + Level 0.2 Poison Magic


You had 4 spell levels left.
You knew the following spells:

 Your Spells              Type           Power        Failure   Level  Hunger
a - Beastly Appendage     Tmut           #.....       28%         1    ##.....
b - Spider Form           Tmut/Pois      #.........   69%         3    ####...


Dungeon Overview and Level Annotations

Branches:
Dungeon (3/15)

Altars:
Dithmenos


Innate Abilities, Weirdness & Mutations

((Your plain brown scales are hard. (AC +5)))
You cannot fit into any form of body armour.
((You are cold-blooded and may be slowed by cold attacks.))


Message History

You hit the orc wizard but do no damage.
The orc wizard is heavily wounded.
Your transformation is almost over.
You feel very sick.
The orc wizard hits you but does no damage.
You are more poisoned.
You closely miss the orc wizard.
The orc wizard is heavily wounded.
* * * LOW HITPOINT WARNING * * *
You feel very sick. The orc wizard closely misses you.
The orc wizard hits you with a dagger of venom.
* * * LOW HITPOINT WARNING * * *
You are more poisoned.
You barely miss the orc wizard.
The orc wizard is heavily wounded.
* * * LOW HITPOINT WARNING * * *
You feel extremely sick.
The orc wizard hits you with a dagger of venom.
You die...

##### ##..# #...# #.......##.#
....# ##.###.#.####.......##.#
....######..................##.##
..............####...............
.....###...†### ######........##
####.....##.# #......#####...
###..###.# ###............#.
#...##.#####.(..##........#.
#.#..#.#.(os.#.###........#<
##.##.#...#####.#..........##
#####.......#..####...##.......##
........#.####.................##
###..####.........##.###.......##
###.#####...####..##.# #.......##
..........#.# #..##.# #.........
#...##......####.###.# ##.####..#
#.##...###....#.[###.####..[...##


You could see an orc wizard.

Vanquished Creatures
  Natasha (twice) (D:2)
  A gnoll (D:1)
  5 adders (D:2)
  An ooze (D:1)
  A worm (D:2)
  A dart slug (D:2)
  5 bats
  3 giant cockroaches
  9 goblins
  9 hobgoblins
  2 jackals (D:2)
  4 kobolds
  A ball python (D:1)
  5 frilled lizards
  6 rats
55 creatures vanquished.

Notes
Turn   | Place    | Note
-------+----------+-------------------------------------------
     0 | D:1      | StormFighter the Draconian Transmuter began the quest for the Orb.
     0 | D:1      | Reached XP level 1. HP: 16/16 MP: 3/3
   541 | D:1      | Reached XP level 2. HP: 20/23 MP: 3/5
   753 | D:1      | Reached skill level 4 in Unarmed Combat
  1008 | D:1      | Reached XP level 3. HP: 28/28 MP: 6/6
  1984 | D:2      | Reached XP level 4. HP: 35/35 MP: 5/7
  1997 | D:2      | Found a shadowy altar of Dithmenos.
  2026 | D:2      | Reached skill level 5 in Unarmed Combat
  2065 | D:2      | Noticed Natasha
  2084 | D:2      | Killed Natasha
  2084 | D:2      | Noticed Natasha
  2095 | D:2      | Learned a level 3 spell: Spider Form
  2099 | D:2      | Killed Natasha
  2405 | D:2      | Reached XP level 5. HP: 30/40 MP: 6/8
  2946 | D:2      | HP: 1/40 [poisoned by an orc wizard]
  2946 | D:2      | Slain by an orc wizard

Skill      XL: |  1  2  3  4 |
---------------+-------------+-----
Unarmed Combat | 4 5 |  5.8
Fighting       | |  1.1
Dodging        | |  1.7
Spellcasting   | |  2.0
Transmutations | |  2.2
Poison Magic   | |  0.2

Action                   |  1- 3 |  4- 6 || total
-------------------------+-------+-------++-------
Melee: Unarmed           |   156 |    83 ||   239
       Tailslap          |    10 |     5 ||    15
       Punch             |     3 |       ||     3
       Kick              |     8 |     4 ||    12
       Headbutt          |     4 |    10 ||    14
Throw: Javelin           |       |     1 ||     1
 Cast: Beastly Appendage |    20 |     9 ||    29
       Spider Form       |       |     2 ||     2
  Use: Potion            |       |     1 ||     1
 Stab: Sleeping          |     1 |       ||     1
  Eat: Chunk             |     4 |     3 ||     7
Armor: Skin              |    56 |    19 ||    75
Dodge: Dodged            |   121 |    44 ||   165
